 Dungeon Crawl Stone Soup version 0.20-a0-947-g2784f4f (webtiles) character file.

519 Hybris the Summoner (level 7, -10/37 HPs)
             Began as a Tengu Summoner on Apr 3, 2017.
             Killed by divine providence
             ... invoked by an orc priest
              (14 damage)
             ... on level 4 of the Dungeon.
             The game lasted 00:21:05 (7534 turns).

Hybris the Summoner (Tengu Summoner)                Turns: 7534, Time: 00:21:06

Health: -10/37     AC:  3    Str:  8    XL:     7   Next: 21%
Magic:  21/22      EV: 13    Int: 22    God:
Gold:   349        SH:  0    Dex: 15    Spells: 4/13 levels left

rFire    . . .     SeeInvis .   o - +2 falchion (protect)
rCold    . . .     Gourm    .   (no shield)
rNeg     . . .     Faith    .   a - +0 robe
rPois    .         Spirit   .   (helmet restricted)
rElec    .         Reflect  .   z - +0 cloak
rCorr    .         Harm     .   (no gloves)
MR       .....                  (boots unavailable)
Stlth    ++........             q - amulet of rage
Regen    0.2/turn               v - +5 ring of intelligence
MPRegen  0.2/turn               l - ring of magical power

@: no status effects
A: beak, talons 3, able to fly 1
a: Fly, Evoke Berserk Rage


You were on level 4 of the Dungeon.
You were very hungry.

You visited 1 branch of the dungeon, and saw 5 of its levels.

You collected 349 gold pieces.

Inventory:

Hand Weapons
 o - a +2 falchion of protection (weapon)
Armour
 a - a +0 robe (worn)
 z - a +0 cloak (worn)
Jewellery
 l - a ring of magical power (right hand)
 q - an amulet of rage (around neck)
 v - a +5 ring of intelligence (left hand)
 A - an uncursed ring of resist corrosion
Wands
 n - a wand of paralysis (12/24)
 p - a wand of lightning (15/15)
 r - a wand of flame (19/48)
 w - a wand of flame (23/48)
 B - a wand of lightning (7/15)
Scrolls
 e - 2 scrolls of teleportation
 f - a scroll of magic mapping
 h - 2 scrolls of enchant weapon
 k - 2 scrolls of identify
 y - 2 scrolls of amnesia
Potions
 c - a potion of lignification {unknown}
 d - a potion of heal wounds
 g - a potion of haste {unknown}
 j - 2 potions of curing {unknown}
 m - 2 potions of flight {unknown}
 s - 2 potions of mutation {unknown}
Books
 b - a book of Callings

   Spells                             Type                      Level
   a - Summon Small Mammal            Summoning                    1
   b - Call Imp                       Summoning                    2
   c - Call Canine Familiar           Summoning                    3
   d - Summon Guardian Golem          Hexes/Summoning              3
   e - Summon Lightning Spire         Summoning/Air                4
   f - Summon Ice Beast               Ice/Summoning                4
Comestibles
 i - 5 meat rations
 t - 2 royal jellies
 x - a bread ration


   Skills:
 + Level 0.8 Fighting
 + Level 2.5 Long Blades
 - Level 2.1 Dodging
 - Level 2.0 Stealth
 - Level 3.5 Spellcasting
 * Level 8.6 Summonings


You had 4 spell levels left.
You knew the following spells:

 Your Spells              Type           Power        Failure   Level  Hunger
a - Summon Small Mammal   Summ           ####         1%          1    None
b - Call Imp              Summ           #####...     1%          2    ##.....
c - Call Canine Familiar  Summ           #####...     1%          3    ###....
d - Summon Guardian Gole  Hex/Summ       ###.....     8%          3    ###....


Dungeon Overview and Level Annotations

Branches:
Dungeon (5/15)
 Temple: D:4-7

Altars:
Cheibriados
Dithmenos
Elyvilon
Qazlal

Shops:
D:4 %(=


Innate Abilities, Weirdness & Mutations

You have a beak for a mouth.
You have claws for feet.
You can fly.


Message History

The orc priest mumbles some strange prayers to Beogh against you.
Beogh smites you!
The orc priest hits your guardian golem but does no damage.
The orc priest hits your guardian golem but does no damage.
The orc priest hits your guardian golem but does no damage.
The orc priest hits your guardian golem but does no damage.
The orc priest barely misses your guardian golem.
The orc priest calls down the wrath of Beogh upon you.
Beogh smites you!
The orc priest calls down the wrath of Beogh upon you.
Beogh smites you!
* * * LOW HITPOINT WARNING * * *
You start resting.
Your guardian golem disappears in a puff of smoke!
Your wolf barely misses the orc priest.
The orc priest barely misses your wolf.
Your wolf bites the orc priest but does no damage.
Your wolf bites the orc priest but does no damage.
The orc priest calls down the wrath of Beogh upon you.
Beogh smites you!
You die...

#.....# #...._......##h.##
###)### #o#.....#......#.#
######.#.#######h#§...§#......##.
......###........###.###...≈≈.≈≈.
######.#..######.# #.......≈#'#≈.
#####.#.# #.# #.#.###..'_'..
#.......# #.###.### ##≈#'#≈#
#.###.###### #.>...# #≈≈.≈≈. #.#
#......# #@#.#.# ##..... #.#
######.###.....### ##.##. #.#
#...........# #.### #.#
##.##..>.##.## #.# # ###.###
#(##.#.##...## #.# # ......#
##.##.#.#.....## #.# # .##.#.#
#.....#........# #.# # ..###.#
#..####........# #.# # ..≈≈#[#
#..# ##.......# #.# #


You could see an orc priest and a friendly wolf.

Vanquished Creatures
  An orc (D:3)
  A giant cockroach (D:2)
  2 goblins (D:2)
  3 hobgoblins
  3 jackals (D:3)
  6 bats
  2 frilled lizards
  A jackal skeleton (D:4)
  4 rats
23 creatures vanquished.

Vanquished Creatures (collateral kills)
  A phantom (D:4)
  3 ogres (D:4)
  A scorpion (D:4)
  2 hounds (D:4)
  4 orc priests
  A jelly (D:1)
  3 orc wizards
  Crazy Yiuf (D:4)
  Terence (D:2)
  10 adders
  A shadow imp (D:5)
  An ooze (D:4)
  A worm (D:3)
  3 dart slugs
  A leopard gecko (D:2)
  10 orcs
  4 giant cockroaches
  5 goblins
  5 hobgoblins
  6 jackals
  A quokka (D:3)
  A ball python (D:1)
  5 bats
  2 frilled lizards (D:2)
  5 kobolds
  6 rats
84 creatures vanquished.

Vanquished Creatures (others)
  A quokka (D:4)
1 creature vanquished.

Grand Total: 108 creatures vanquished

Notes
Turn   | Place    | Note
-------+----------+-------------------------------------------
     0 | D:1      | Hybris the Tengu Summoner began the quest for the Orb.
     0 | D:1      | Reached XP level 1. HP: 10/10 MP: 4/4
    62 | D:1      | Reached skill level 5 in Summonings
   176 | D:1      | Reached XP level 2. HP: 7/15 MP: 1/6
   939 | D:1      | Learned a level 2 spell: Call Imp
  1397 | D:1      | Reached skill level 6 in Summonings
  1397 | D:1      | Reached XP level 3. HP: 19/19 MP: 2/7
  1794 | D:2      | Learned a level 3 spell: Call Canine Familiar
  2230 | D:2      | Noticed Terence
  2251 | D:2      | Killed Terence
  2251 | D:2      | Reached XP level 4. HP: 22/24 MP: 0/8
  4054 | D:3      | Reached skill level 7 in Summonings
  5027 | D:3      | HP: 1/24 [orc priest/divine providence (12)]
  5030 | D:3      | Gained mutation: You can fly. [Tengu growth]
  5030 | D:3      | Reached XP level 5. HP: 27/28 MP: 9/9
  5085 | D:3      | Learned a level 3 spell: Summon Guardian Golem
  5879 | D:4      | Found Voshrov's Antique Weapon Emporium.
  5992 | D:4      | Found a shadowy altar of Dithmenos.
  5993 | D:4      | Noticed an ogre
  6006 | D:4      | Killed an ogre
  6006 | D:4      | Reached skill level 1 in Long Blades
  6006 | D:4      | Reached XP level 6. HP: 23/32 MP: 11/11
  6146 | D:4      | Found Acziwn's Jewellery Shop.
  6265 | D:4      | Found a stormy altar of Qazlal.
  6273 | D:4      | Found a snail-covered altar of Cheibriados.
  6331 | D:4      | Reached skill level 8 in Summonings
  6660 | D:4      | Found Fazuv's Food Emporium.
  6684 | D:4      | Noticed a phantom
  6725 | D:4      | Killed a phantom
  6796 | D:4      | Found a white marble altar of Elyvilon.
  6987 | D:4      | Reached XP level 7. HP: 27/36 MP: 13/13
  7068 | D:4      | Found a runed door.
  7074 | D:4      | Noticed Crazy Yiuf
  7092 | D:4      | Killed Crazy Yiuf
  7336 | D:5      | Entered Level 5 of the Dungeon
  7534 | D:4      | Killed from afar by an orc priest

Vault maps used:
D:1:      dpeg_arrival_chase, serial_bayou_lagoon_a, minmay_tall_x
D:2:      nicolae_overflow_hidden_temple, minmay_misc_feat_plants, uniq_terence
D:3:      first_bread
D:4:      elyvilon_altar_4, old_standard_altar, kennysheep_mini_moat,
          serial_shops, nicolae_shop_stone, shop_coins, shop,
          grunt_qazlal_clouds, uniq_crazy_yiuf_cottage
D:5:      marbit_many_paths, lemuel_doored_altar, bloody_trog

Skill      XL: |  1  2  3  4  5  6 |
---------------+-------------------+-----
Summonings     | 5 6 7 8 |  8.6
Long Blades    | 1 2 |  2.5
Spellcasting   | 3 |  3.5
Fighting       | |  0.8
Dodging        | |  2.1
Stealth        | |  2.0

Action                   |  1- 3 |  4- 6 |  7- 9 || total
-------------------------+-------+-------+-------++-------
Melee: Unarmed           |    13 |       |       ||    13
       Peck              |     5 |     4 |       ||     9
       Kick              |     2 |    15 |     2 ||    19
       Dagger            |     2 |    24 |       ||    26
       Falchion          |       |    31 |     1 ||    32
 Cast: Summon Small Mamm |    30 |     6 |       ||    36
       Call Imp          |    15 |    19 |     3 ||    37
       Call Canine Famil |     6 |    33 |     4 ||    43
       Summon Guardian G |       |     6 |     2 ||     8
  Use: Scroll            |       |     9 |       ||     9
       Potion            |       |     1 |     1 ||     2
 Stab: Sleeping          |       |     1 |       ||     1
  Eat: Chunk             |     5 |    16 |     2 ||    23
       Bread ration      |       |     1 |       ||     1
Armor: Robe              |     6 |    28 |       ||    34
Dodge: Dodged            |    23 |   101 |     3 ||   127
       Rpst.: Falchion   |       |    19 |     1 ||    20
